 Dungeon Crawl Stone Soup version 0.21.1-1-g345015f (webtiles) character file.

304 Iko the Chiller (level 6, 0/55 HPs)
             Began as a Deep Dwarf Ice Elementalist on May 4, 2018.
             Was a Follower of Uskayaw.
             Slain by Duvessa
             ... wielding a +0 short sword
              (1 damage)
             ... on level 6 of the Dungeon.
             The game lasted 00:28:00 (1694 turns).

Iko the Chiller (Deep Dwarf Ice Elementalist)       Turns: 1694, Time: 00:28:01

Health: 0/55       AC: 10    Str: 13      XL:     6   Next: 15%
Magic:  0/0        EV:  6    Int: 16      God:    Uskayaw [*.....]
Gold:   18         SH:  0    Dex: 12 (13) Spells: 9/10 levels left

rFire    . . .     SeeInvis .   i - -1 broad axe (curse)
rCold    + . .     Gourm    .   (no shield)
rNeg     . . .     Faith    .   g - +1 chain mail
rPois    .         Spirit   .   j - +0 helmet
rElec    .         Reflect  .   (no cloak)
rCorr    .         Harm     .   (no gloves)
MR       .....                  (no boots)
Stlth    ..........             (no amulet)
HPRegen  0.00/turn              e - ring of protection from cold
MPRegen  0.07/turn              (no ring)

@: non-regenerating
A: damage resistance, heal wounds, mutation resistance 1, sense surroundings 1,
no regeneration
a: Heal Wounds, Stomp, Renounce Religion


You were on level 6 of the Dungeon.
You worshipped Uskayaw.
Uskayaw was noncommittal.
You were near starving.

You visited 1 branch of the dungeon, and saw 6 of its levels.
You also visited: Sewer.

You collected 134 gold pieces.
You spent 116 gold pieces at shops.

Inventory:

Hand Weapons
 f - a +0 hunting sling
 h - a +0 flail
 i - a cursed -1 broad axe (weapon)
Armour
 g - a +1 chain mail (worn)
 j - a +0 helmet (worn)
Jewellery
 e - a ring of protection from cold (left hand)
Books
 b - a book of Frost

   Spells                             Type                      Level
   a - Freeze                         Ice                          1
   b - Throw Frost                    Conjuration/Ice              2
   c - Ozocubu's Armour               Charms/Ice                   3
   d - Throw Icicle                   Conjuration/Ice              4
   e - Summon Ice Beast               Ice/Summoning                4
Comestibles
 c - a ration


   Skills:
 + Level 2.4 Fighting
 + Level 2.7 Maces & Flails
 + Level 2.2 Armour
 + Level 3.2 Dodging
 + Level 2.6 Stealth
 + Level 2.5 Spellcasting
   Level 0.8 Conjurations
 + Level 3.2 Ice Magic


You had 9 spell levels left.
You knew the following spells:

 Your Spells              Type           Power        Failure   Level  Hunger
a - Freeze                Ice            ##..         86%         1    #......


Dungeon Overview and Level Annotations

Branches:
Dungeon (6/15)
 Temple: D:4-7

Altars:
Uskayaw
Yredelemnul

Shops:
D:5 (

Annotations:
D:4 Eustachio, Natasha
D:6 Dowan, Duvessa


Innate Abilities, Weirdness & Mutations

You are resistant to damage.
You can heal yourself by infusing magical energy.
You passively map a small area around you.
You do not regenerate.
You are somewhat resistant to further mutation.


Message History

* * * LOW HITPOINT WARNING * * *
You barely miss Duvessa.
Duvessa is almost dead.
You barely miss something. Duvessa hits you but does no damage.
Something hits you. Something shocks you.
* * * LOW HITPOINT WARNING * * *
Duvessa hits you with a short sword!
* * * LOW HITPOINT WARNING * * *
Something hits you.
* * * LOW HITPOINT WARNING * * *
Something shocks you.
* * * LOW HITPOINT WARNING * * *
You can no longer pass through a line of other dancers.
Unknown command.
You don't have enough innate magic capacity.
A gnoll and a skeleton come into view.
The gnoll shouts!
Found 8 gold pieces.
Duvessa hits you with a short sword.
You die...

....... .... #.
..$....#...#
.a. ,
......*...#..#,
, ,
#.#..#Z..#g.# ,
* ..........
#...#..##### ,
#...........
#...e{.# , *
###@#e.#*
#.#..# , , * *
...............
,
####.##.#..$#..
* ,... ..#....#
*
###.*..#.#...#
, #.#..# #..#.
, #..... #.. ,
#.## .. ,


You could see Duvessa, a worker ant (wandering), a gnoll and a bullfrog
skeleton.

Vanquished Creatures
  2 hounds
  A worker ant (D:5)
  Robin (D:2)
  A howler monkey skeleton (D:4)
  An adder (D:4)
  3 gnolls (D:2)
  5 oozes
  3 worms
  3 leopard geckos
  6 orcs
  A ball python (Sewer)
  8 bats
  3 giant cockroaches
  10 goblins
  3 hobgoblins
  3 frilled lizards
  A quokka skeleton (D:4)
  2 rats (D:4)
57 creatures vanquished.

Vanquished Creatures (others)
  A phantom (D:4)
  A scorpion (D:4)
  An orc wizard (D:4)
  3 orcs (D:4)
6 creatures vanquished.

Grand Total: 63 creatures vanquished

Notes
Turn   | Place    | Note
-------+----------+-------------------------------------------
     0 | D:1      | Iko the Deep Dwarf Ice Elementalist began the quest for the Orb.
     0 | D:1      | Reached XP level 1. HP: 15/15 MP: 3/3
   162 | D:1      | Reached XP level 2. HP: 13/22 MP: 2/4
   215 | D:2      | Noticed Robin
   258 | D:2      | Killed Robin
   258 | D:2      | Reached XP level 3. HP: 15/28 MP: 2/5
   268 | D:2      | Reached skill level 1 in Maces & Flails
   352 | D:3      | Found a hide-covered altar of Uskayaw.
   354 | D:3      | Noticed an enchanted hand axe
   355 | D:3      | Noticed a dagger
   364 | D:3      | Became a worshipper of Uskayaw the Reveler
   436 | D:4      | Found a glowing drain.
   482 | D:4      | Reached * piety under Uskayaw
   492 | D:4      | Reached XP level 4. HP: 30/37 MP: 3/5
   499 | D:4      | Reached ** piety under Uskayaw
   511 | D:4      | Reached skill level 1 in Fighting
   546 | D:4      | Noticed a phantom
   584 | D:4      | Reached skill level 1 in Armour
   692 | D:4      | Gained mutation: You are somewhat resistant to further mutation. [potion of mutation]
   738 | Sewer    | Entered a sewer
   747 | Sewer    | Reached XP level 5. HP: 31/44 MP: 0/4
  1168 | Sewer    | Reached *** piety under Uskayaw
  1347 | D:4      | Found a runed door.
  1347 | D:4      | Noticed a human
  1359 | D:4      | Found a basalt altar of Yredelemnul.
  1385 | D:4      | Killed a phantom
  1397 | D:4      | Noticed Eustachio
  1501 | D:4      | Noticed an ogre
  1506 | D:4      | Noticed Natasha
  1589 | D:5      | Entered Level 5 of the Dungeon
  1589 | D:5      | Found Oloarched's Antique Weapon Shoppe.
  1599 | D:5      | Reached XP level 6. HP: 24/52 MP: 1/1
  1627 | D:5      | Bought a broad axe for 116 gold pieces
  1640 | D:5      | Noticed Duvessa
  1642 | D:5      | Noticed Dowan
  1662 | D:6      | Noticed a sky beast
  1691 | D:6      | HP: 1/55 [something (4)]
  1694 | D:6      | Slain by Duvessa

Skill      XL: |  1  2  3  4  5 |
---------------+----------------+-----
Ice Magic      | 3 |  3.2
Spellcasting   | 2 |  2.5
Maces & Flails | 1 2 |  2.7
Fighting       | 1 2 |  2.4
Dodging        | 3 |  3.2
Armour         | 1 2 |  2.2
Stealth        | |  2.6
Conjurations   | |  0.8

Action                   |  1- 3 |  4- 6 || total
-------------------------+-------+-------++-------
Melee: Club              |    61 |       ||    61
       Unarmed           |     4 |       ||     4
       Flail             |    42 |   353 ||   395
       Broad axe         |       |    36 ||    36
 Cast: Freeze            |    15 |     1 ||    16
Invok: Stomp             |       |     2 ||     2
 Abil: Heal Wounds       |     9 |    11 ||    20
  Use: Potion            |     3 |     5 ||     8
       Scroll            |     1 |     6 ||     7
 Stab: Sleeping          |     1 |       ||     1
       Paralysed         |       |     2 ||     2
  Eat: Ration            |       |     1 ||     1
Armor: Robe              |    12 |       ||    12
       Chain mail        |    45 |   541 ||   586
Dodge: Dodged            |    93 |   233 ||   326
